 Dungeon Crawl Stone Soup version 0.25-a0-73-g9796ba8d15 (webtiles) character file.

Game seed: 3861146283107392193, levelgen mode: deterministic

44 Roikka the Caller (level 3, -1/24 HPs)
             Began as a Human Summoner on Nov 5, 2019.
             Slain by an orc
             ... wielding a +0 club
              (5 damage)
             ... on level 3 of the Dungeon.
             The game lasted 00:05:02 (1476 turns).

Roikka the Caller (Human Summoner)                  Turns: 1476, Time: 00:05:03

Health: -1/24      AC:  4    Str:  8    XL:     3   Next: 85%
Magic:  2/6        EV: 13    Int: 16    God:
Gold:   48         SH:  0    Dex: 13    Spells: 4/7 levels left

rFire    . . .     SeeInvis .   b - +0 club
rCold    . . .     Gourm    .   (no shield)
rNeg     . . .     Faith    .   a - +0 robe
rPois    .         Spirit   .   h - +0 helmet
rElec    .         Reflect  .   (no cloak)
rCorr    .         Harm     .   d - +0 pair of gloves
MR       .....                  (no boots)
Stlth    ++........             (no amulet)
HPRegen  0.08/turn              (no ring)
MPRegen  0.10/turn              (no ring)

@: very slightly contaminated
A: no striking features
a: no special abilities


You were on level 3 of the Dungeon.
You were hungry.

You visited 1 branch of the dungeon, and saw 3 of its levels.

You collected 48 gold pieces.

Inventory:

Hand Weapons
 b - a +0 club (weapon)
Armour
 a - a +0 robe (worn)
 d - a +0 pair of gloves (worn)
 h - a +0 helmet (worn)
Scrolls
 f - a scroll of fog {unknown}
 l - a scroll of identify {unknown}
Potions
 e - a potion of curing {unknown}
 g - 3 potions of brilliance {unknown}
 j - 2 potions of agility {unknown}
 k - a potion of ambrosia {unknown}
 m - a potion of heal wounds {unknown}
Comestibles
 c - 8 rations


   Skills:
 + Level 2.7 Dodging
 - Level 2.0 Stealth
 + Level 2.5 Spellcasting
 + Level 4.4 Summonings


You had 4 spell levels left.
You knew the following spells:

 Your Spells              Type           Power        Failure   Level  Hunger
a - Summon Small Mammal   Summ           ###.         3%          1    #......
b - Call Imp              Summ           ###.....     4%          2    ##.....

Your spell library contained the following spells:

 Spells                   Type           Power        Failure   Level  Hunger
 Call Canine Familiar     Summ           ###.....     10%         3    ###....
 Summon Guardian Golem    Hex/Summ       #.......     24%         3    ###....
 Summon Ice Beast         Ice/Summ       #.......     61%         4    #####..
 Summon Lightning Spire   Summ/Air       #.......     61%         4    #####..


Dungeon Overview and Level Annotations

Branches:
Dungeon (2/15)

Altars:
The Shining One


Message History

Unknown command.
Casting: Summon Small Mammal (safe; 3% risk of failure)
Confirm with . or Enter, or press ? or * to list all spells.
You miscast Summon Small Mammal.
Shadowy shapes form in the air around you, then vanish.
The orc closely misses you.
Unknown command.
You hit the orc.
The orc is severely wounded.
The orc completely misses you.
The orc hits your crimson imp with a +0 hand axe.
You hit the orc.
You kill the orc!
Your crimson imp disappears in a puff of smoke!
You closely miss the orc. The orc misses you.
You closely miss the orc. The orc hits you with a +0 club.
* * * LOW HITPOINT WARNING * * *
A bat comes into view.
The bat barely misses you. The orc hits you with a +0 club.
You die...

. ####...
.#.......
......%..
##..!.....
#.........
#####.........
#.............
##.##o........
#.##@b.......
#.##.........
#)##.########
#....# ######


You could see an orc and a bat.

Vanquished Creatures
  An adder (D:2)
  An ooze (D:2)
  A leopard gecko (D:1)
  2 orcs (D:3)
  2 bats (D:1)
  2 giant cockroaches (D:1)
  A goblin (D:1)
  3 hobgoblins (D:1)
  2 frilled lizards (D:1)
  2 rats (D:1)
17 creatures vanquished.

Vanquished Creatures (collateral kills)
  2 dart slugs (D:1)
  An orc (D:3)
  3 giant cockroaches (D:1)
  3 kobolds (D:1)
  3 bats (D:1)
  A frilled lizard (D:1)
  A rat (D:1)
14 creatures vanquished.

Grand Total: 31 creatures vanquished

Notes
Turn   | Place    | Note
-------+----------+-------------------------------------------
     0 | D:1      | Roikka the Human Summoner began the quest for the Orb.
     0 | D:1      | Reached XP level 1. HP: 13/13 MP: 3/3
   351 | D:1      | Reached XP level 2. HP: 16/19 MP: 0/5
   368 | D:1      | Learned a level 2 spell: Call Imp
   691 | D:1      | Reached XP level 3. HP: 6/24 MP: 1/6
  1408 | D:2      | Found a glowing golden altar of the Shining One.
  1431 | D:2      | You fall into a shaft and drop 1 floor!
  1476 | D:3      | Slain by an orc

Levels and vault maps discovered:
D:1:      ncdulo_smallfort, layout_rooms, serial_forest,
          infiniplex_forest_straight_4, infiniplex_forest_clump_diagonal,
          infiniplex_forest_lined_2, infiniplex_forest_clump_medium,
          infiniplex_forest_lined_2, infiniplex_forest_clump_large,
          infiniplex_forest_lined_2, palyth_stone_intersect
D:2:      layout_basic, tso_metal_star, first_ration
D:3:      layout_basic

Action                   || total
-------------------------++-------
Melee: Club              ||    93
       Unarmed           ||     6
 Cast: Summon Small Mamm ||    24
       Call Imp          ||     5
 Stab: Distracted        ||     1
       Sleeping          ||     1
  Eat: Chunk             ||     2
Armor: Robe              ||    38
Dodge: Dodged            ||    82

Table legend:
 A = Non-vault XP
 B = Vault XP
 C = Vault XP percentage of total XP
 D = Non-vault monster count
 E = Vault monster count
 F = Vault count percentage of total count
                 A         B        C        D         E       F
            +---------+---------+-------+---------+---------+-------
      Total |      63 |       0 |   0.0 |      31 |       0 |   0.0
            +---------+---------+-------+---------+---------+-------
        D:1 |      40 |       0 |   0.0 |      26 |       0 |   0.0
        D:2 |      15 |       0 |   0.0 |       2 |       0 |   0.0
        D:3 |       8 |       0 |   0.0 |       3 |       0 |   0.0
            +---------+---------+-------+---------+---------+-------
